 Dungeon Crawl Stone Soup version 0.26.0-15-gc6cd9f700b (webtiles) character file.

Game seed: 18141336268948316096

246 trckry the Insei (level 5, -1/40 HPs)
             Began as a Draconian Transmuter on Jan 16, 2021.
             Killed from afar by an orc wizard (5 damage)
             ... with a puff of flame
             ... on level 4 of the Dungeon.
             The game lasted 00:06:00 (3632 turns).

trckry the Insei (Draconian Transmuter)             Turns: 3632, Time: 00:06:00

Health: -1/40      AC:  5    Str: 12    XL:     5   Next: 84%
Magic:  8/8        EV: 12    Int: 14    God:
Gold:   230        SH:  5    Dex: 12    Spells: 7/8 levels left

rFire    . . .     SeeInvis .     - Unarmed
rCold    . . .     Faith    .   (no shield)
rNeg     . . .     Spirit   .   (armour unavailable)
rPois    .         Reflect  +   (helmet restricted)
rElec    .         Harm     .   (no cloak)
rCorr    +         Rampage  .   (no gloves)
Will     .....                  (no boots)
Stlth    ..........             r - amulet of reflection
HPRegen  0.13/turn              g - ring of resist corrosion
MPRegen  0.11/turn              n - ring of attention (curse)

@: no status effects
A: unfitting armour, cold-blooded, AC +5
a: no special abilities


You were on level 4 of the Dungeon.
You visited 1 branch of the dungeon, and saw 4 of its levels.

You collected 230 gold pieces.

Inventory:

Hand Weapons
 t - a +1 dagger of venom
Missiles
 c - 17 poisoned darts (quivered)
Jewellery
 g - a ring of resist corrosion (left hand)
 n - a cursed ring of attention (right hand)
 r - an amulet of reflection (around neck)
Wands
 l - a wand of polymorph (9)
 q - a wand of flame (18)
 s - a wand of iceblast (11)
Scrolls
 a - a scroll of blinking {unknown}
 b - 2 scrolls of immolation {unknown}
 e - 3 scrolls of teleportation {unknown}
 h - 2 scrolls of remove curse {unknown}
Potions
 d - 3 potions of curing {unknown}
 f - 3 potions of mutation {unknown}
 i - 2 potions of invisibility {unknown}
 j - 3 potions of lignification {unknown}
 k - a potion of flight {unknown}
 m - a potion of resistance {unknown}
 o - a potion of berserk rage {unknown}
 p - a potion of degeneration {unknown}


   Skills:
 - Level 1.1 Fighting
 - Level 1.7 Dodging
 * Level 5.0 Unarmed Combat
 - Level 2.0 Spellcasting
 * Level 4.4 Transmutations
 + Level 1.3 Evocations


You had 7 spell levels left.
You knew the following spells:

 Your Spells              Type           Power        Failure   Level
a - Beastly Appendage     Tmut           26%          3%          1

Your spell library contained the following spells:

 Spells                   Type           Power        Failure   Level
 Wereblood                Tmut           13%          6%          2
 Spider Form              Tmut/Pois      3%           28%         3
 Ice Form                 Ice/Tmut       7%           67%         4
 Blade Hands              Tmut           6%           71%         5


Dungeon Overview and Level Annotations

Branches:
Dungeon (4/15)
 Temple: D:4-7

Altars:
Trog

Shops:
D:4 :


Innate Abilities, Weirdness & Mutations

Your plain brown scales are hard. (AC +5)
You cannot fit into any form of body armour.
You are cold-blooded and may be slowed by cold attacks.


Message History

You feel sick. You block the orc wizard's attack.
You block the orc wizard's attack.
You hit the orc wizard.
The orc wizard is severely wounded.
You feel sick.
You are no longer poisoned.
The orc wizard begins to cast a cantrip, but forgets the words!
The orc hits you with a +0 whip.
* * * LOW HITPOINT WARNING * * *
The orc closely misses you.
The orc wizard casts a cantrip, but nothing happens.
The orc wizard barely misses you.
Your horns disappear.
Your talons disappear.
The orc wizard barely misses you. The orc wizard casts a spell at you.
The magic dart hits you.
* * * LOW HITPOINT WARNING * * *
The orc wizard points at you and mumbles some strange words.
The puff of flame hits you.
You die...

.....# ##...## .....#
##.....##
.....####.......#
................#
................#
..........<....###
.................######
..................o...#
................@.oo..#
#####
.................###..##
##....
#.........#......#
##..#####.....
###.....###......##
##..##....... #...###
#..#....# #......###..
#..## ##.###..##
##...### ### #..# #.#
##..####..## ##. #...
#.## ##...##..## ##..
...## #..# #........#
#...


You could see an orc wizard (fast) and 2 orcs.

Vanquished Creatures
  An eye of draining (D:4)
  A worker ant (D:4)
  4 adders
  3 oozes
  2 dart slugs
  2 leopard geckos
  An orc (D:4)
  A ball python (D:3)
  7 bats
  6 giant cockroaches
  10 goblins
  8 hobgoblins
  3 quokkas
  5 frilled lizards
  6 kobolds
  12 rats
72 creatures vanquished.

Notes
Turn   | Place    | Note
-------+----------+-------------------------------------------
     0 | D:1      | trckry the Draconian Transmuter began the quest for the
                  | Orb.
     0 | D:1      | Reached XP level 1. HP: 16/16 MP: 3/3
   182 | D:1      | Reached XP level 2. HP: 21/23 MP: 5/5
   624 | D:1      | Reached XP level 3. HP: 28/28 MP: 4/6
  1435 | D:2      | Reached skill level 4 in Unarmed Combat
  1463 | D:2      | Reached XP level 4. HP: 33/35 MP: 5/7
  3290 | D:4      | Found Kassoc's Book Shop.
  3332 | D:4      | Noticed an eye of draining
  3395 | D:4      | Killed an eye of draining
  3396 | D:4      | Reached skill level 1 in Evocations
  3396 | D:4      | Reached XP level 5. HP: 40/40 MP: 0/8
  3487 | D:4      | Found a bloodstained altar of Trog.
  3567 | D:4      | Reached skill level 5 in Unarmed Combat
  3631 | D:4      | HP: 4/40 [orc wizard/magic dart (6)]
  3632 | D:4      | Killed from afar by an orc wizard

Illustrated notes

Levels and vault maps discovered:
D:1:      wheals_arrival_linesprint, layout_rooms, minmay_misc_feat_square,
          minmay_pentomino_z2
D:2:      layout_basic, minmay_quadrilaterals
D:3:      layout_basic, minmay_fountain_box
D:4:      layout_layer_cave, trog_eyes_of_draining, tgw_xom,
          ebering_ghost_reflecting_pool, serial_shops, shop,
          grunt_decor_one_mirror

Skill      XL: |  1  2  3  4  5 |
---------------+----------------+-----
Transmutations | 3 4 |  4.4
Unarmed Combat | 4 5 |  5.0
Evocations     | 1 |  1.3
Fighting       | |  1.1
Dodging        | |  1.7
Spellcasting   | |  2.0

Action                   |  1- 3 |  4- 6 || total
-------------------------+-------+-------++-------
Melee: Unarmed           |   144 |   124 ||   268
       Tailslap          |    13 |     9 ||    22
       Headbutt          |     5 |     3 ||     8
       Kick              |     2 |     8 ||    10
       Punch             |     1 |     2 ||     3
Throw: Dart              |       |    13 ||    13
 Cast: Beastly Appendage |     6 |     7 ||    13
Armor: Skin              |    30 |    33 ||    63
Dodge: Dodged            |    97 |    80 ||   177
Block: Other             |       |     6 ||     6
